AoeStats
← froz

Lombardia

507122782Analyzed
2v2 RM · 16d ago on Sep 16, 2026· 18m 11s· 4 players
Game mode
Random Map
Map size
Medium (4 player)
Population
200
Speed
Normal
Resources
Standard
Victory
Conquest
Starting age
Dark Age
Ending age
Imperial Age
RankedLock teamsTeams togetherTeam positionsShared explorationLock speedFull tech treeHidden civsTurbo modeCheats
Victory
Defeat
🇪🇸 Franks · Spain
1361
+14
🇪🇸 Poles · Spain
1264
+18
🇩🇪 Persians · Germany
1328
-17
🇩🇪 Franks · Germany
1288
-15
[CU] MatthiasKF
3:34 Loom
12:03 Feudal Age
12:34 Double-Bit Axe
Julian X!
2:52 Loom
10:52 Feudal Age
froz
6:24 Loom
8:55 Feudal Age
9:33 Double-Bit Axe
javi588
7:45 Loom
11:39 Feudal Age
17:31 Castle Age
16:02 Fletching
16:10 Double-Bit Axe
Connection lost

Rejoining the realm…

Still unreachable

The connection could not be restored.

Session expired

The server has moved on; the page needs a fresh start.